 Seeded DCSS version 0.29-a0-371-g91724d5b39 (webtiles) character file.

Game seed: 3853640191977401903 (custom seed)

22 zeratav the Insei (level 2, -2/18 HPs)
             Began as an Octopode Transmuter on May 3, 2022.
             Slain by a quokka (5 damage)
             ... on level 2 of the Dungeon.
             The game lasted 00:01:48 (988 turns).

zeratav the Insei (Octopode Transmuter)              Turns: 988, Time: 00:01:49

Health: -2/18      AC:  1    Str:  9    XL:     2   Next: 91%
Magic:  5/5        EV: 13    Int: 18    God:
Gold:   9          SH:  0    Dex: 12    Spells: 4/5 levels left

rFire   . . .      SeeInvis .     - Unarmed
rCold   . . .      Faith    .   (no shield)
rNeg    . . .      Spirit   .   (helmet restricted)
rPois   .          Reflect  .   d - amulet of Yrouzxem {RegenMP *Corrode +Blink Regen+ Int+3}
rElec   .          Harm     .   (no ring)
rCorr   .          Rampage  .   (no ring)
Will    .....                   (no ring)
Stlth   ++........              (no ring)
HPRegen 0.86/turn               (no ring)
MPRegen 0.49/turn               (no ring)
                                (no ring)
                                (no ring)

@: no status effects
A: almost no armour, amphibious, 8 rings, camouflage 1, gelatinous body 1,
(nimble swimmer 1), tentacles
a: Evoke Blink


You were on level 2 of the Dungeon.
You visited 1 branch of the dungeon, and saw 2 of its levels.

You collected 9 gold pieces.


Innate Abilities, Weirdness & Mutations

You cannot wear most types of armour.
You are amphibious.
You can wear up to eight rings at the same time.
Your skin changes colour to match your surroundings (Stealth+).
Your rubbery body absorbs attacks. (AC +1, EV +1)
((You are camouflaged when in or above water. (Stealth+)))
You have tentacles for arms and can constrict up to eight enemies at once.


   Skills:
 - Level 1.0 Fighting
 - Level 2.0 Dodging
 + Level 4.0 Unarmed Combat
 - Level 2.0 Spellcasting
 - Level 2.0 Transmutations


You had 4 spell levels left.
You knew the following spells:

 Your Spells              Type           Power      Damage    Failure   Level
a - Beastly Appendage     Tmut           18%        N/A       8%          1

Your spell library contained the following spells:

 Spells                   Type           Power      Damage    Failure   Level
 Wereblood                Tmut           9%         N/A       12%         2
 Sublimation of Blood     Necr           1%         N/A       26%         2
 Spider Form              Tmut/Pois      5%         N/A       34%         3
 Ice Form                 Ice/Tmut       5%         N/A       75%         4
 Flame Wave               Conj/Fire      1%         2d4       87%         4
 Statue Form              Tmut/Erth      3%         N/A       100%        6
 Summon Hydra             Summ           0%         N/A       100%        7
 Chain Lightning          Conj/Air       0%         2d1       100%        9
 Shatter                  Erth           0%         3d5*      100%        9

Inventory:

Jewellery
 d - the amulet of Yrouzxem (around mantle) {RegenMP *Corrode +Blink Regen+ Int+3}
   (You acquired it on level 1 of the Dungeon)

   [amulet of magic regeneration]

   It increases your rate of magic regeneration.
   Int:       It affects your intelligence (+3).
   +Blink:    It lets you blink.
   Regen:     It increases your rate of health regeneration.
   *Corrode:  It may corrode you when you take damage.
Scrolls
 b - a scroll of magic mapping {unknown}
 c - a scroll of teleportation {unknown}
 e - a scroll of identify {unknown}
Potions
 a - a potion of lignification {!q}

Dungeon Overview and Level Annotations

Branches:
Dungeon (2/15)

Altars:

Shops:
D:1 (([!

#. ## #. .
.... #.#
.#.## ##. ..
.... ...
#.#..# ..#
#...r#
##..###
#)@##.......
#.......####
#$..<.......
#.########.#
#. ##


You could see a quokka.


Message History

You feel clever.
d - the amulet of Yrouzxem (around mantle) {RegenMP *Corrode +Blink Regen+ Int+3}
(D) Dungeon
Where to? (? - help)
There is a stone staircase leading down here.
You climb downwards.
There is a stone staircase leading up here.
A goblin is nearby!
A goblin is nearby!
An adder comes into view.
The goblin shouts!
A bat comes into view.
The bat hits you.
HP[-1]
You take 1 damage, and now have 17/18 hp.
The adder hisses angrily.
You tentacle-slap the goblin. You grab the goblin. You constrict the goblin.
The bat hits you. The bat barely misses you.
You tentacle-slap the goblin.
You kill the goblin!
The bat hits you. The bat closely misses you.
A quokka comes into view.
The adder bites you.
HP[-2]
You take 2 damage, and now have 15/18 hp.
You tentacle-slap the adder. You grab the adder. You constrict the adder.
The bat hits you but does no damage. The bat closely misses you.
The adder bites you.
You are poisoned.
The adder poisons you!
HP[-1]
You take 1 damage, and now have 14/18 hp.
You tentacle-slap the adder. You constrict the adder.
You feel sick. The bat hits you. The bat closely misses you.
The adder bites you. The bat barely misses you.
HP[-4]
You take 4 damage, and now have 10/18 hp.
MASSIVE DAMAGE!! (PAUSE)
You are too injured to fight recklessly!
You are too injured to fight recklessly!
You are too injured to fight recklessly!
You are too injured to fight recklessly!
You are too injured to fight recklessly!
You are too injured to fight recklessly!
You are too injured to fight recklessly!
You are too injured to fight recklessly!
You are too injured to fight recklessly!
You are too injured to fight recklessly!
You are too injured to fight recklessly!
You are too injured to fight recklessly!
You are too injured to fight recklessly!
You are too injured to fight recklessly!
You are too injured to fight recklessly!
You are too injured to fight recklessly!
You release your grip on the adder.
You feel sick. The bat closely misses you.
You feel sick. The bat closely misses you. The adder bites you.
* * * LOW HITPOINT WARNING * * *
The quokka twitches its whiskers.
HP[-4]
You take 4 damage, and now have 6/18 hp.
MASSIVE DAMAGE!! (PAUSE)
You tentacle-slap the adder. Your grab misses the adder. You squeeze the adder.
You kill the adder!
You feel sick. The bat hits you.
* * * LOW HITPOINT WARNING * * *
The bat barely misses you.
Your Unarmed Combat skill increases to level 4!
HP[-1]
You take 1 damage, and now have 5/18 hp.
You barely miss the bat. Your grab misses the bat.
You feel sick. The bat misses you. The bat hits you.
* * * LOW HITPOINT WARNING * * *
The bat hits you but does no damage.
HP[-2]
You take 2 damage, and now have 3/18 hp.
You miss the bat. You grab the bat.
You constrict the bat, but do no damage.
You feel sick.
You are no longer poisoned.
The bat hits you.
* * * LOW HITPOINT WARNING * * *
The quokka closely misses you.
HP[-1]
You take 1 damage, and now have 2/18 hp.
You tentacle-slap the bat. You constrict the bat. The bat barely misses you.
The bat closely misses you. The quokka bites you.
* * * LOW HITPOINT WARNING * * *
You tentacle-slap the bat but do no damage.
You constrict the bat.
You kill the bat!
The quokka misses you.
HP[+1]
You closely miss the quokka. Your grab misses the quokka. The quokka bites you.
* * * LOW HITPOINT WARNING * * *
HP[-1]
You take 1 damage, and now have 2/18 hp.
You closely miss the quokka. You grab the quokka.
You constrict the quokka, but do no damage.
The quokka bites you.
You die...

Skill      XL: |  1  2 |
---------------+-------+-----
Unarmed Combat | 4 |  4.0
Fighting       | |  1.0
Dodging        | |  2.0
Spellcasting   | |  2.0
Transmutations | |  2.0

Action                   || total
-------------------------++-------
Melee: Unarmed           ||    31
       Constrict         ||    10
       Tentacles         ||     5
  Use: Scroll            ||     2
 Stab: Sleeping          ||     1
Armor: Skin              ||     5
Dodge: Dodged            ||    21

Levels and vault maps discovered:
D:1:      kilobyte_arrival_exit_the_forest, layout_loops_ring, serial_shops,
          nicolae_shop_statue_plus, shop, nicolae_shop_advertising_works
          [nicolae_subvault_shop_adworks], shop_fountains, nrook_mini_vaults
D:2:      layout_basic, serial_shops, shop, basic_altar,
          nicolae_concentric_dashed_squares_wild

Notes
Turn   | Place    | Note
-------+----------+-------------------------------------------
     0 | D:1      | zeratav the Octopode Transmuter began the quest for the
                  | Orb.
     0 | D:1      | Reached XP level 1. HP: 13/13 MP: 3/3
     0 | D:1      | magus.rc [v1.9.6]
   231 | D:1      | Found Xutira's Antique Weapon Boutique.
   380 | D:1      | Reached XP level 2. HP: 12/18 MP: 5/5
   589 | D:1      | Found Fonyeneyf's Antique Weapon Boutique.
   626 | D:1      | You pick up a book of Blood and begin reading...
   626 | D:1      | You add the spells Sublimation of Blood and Summon Hydra to
                  | your library.
   741 | D:1      | Found Taxaret's Armour Shoppe.
   836 | D:1      | Found Hunookki's Distillery.
   932 | D:1      | Identified 2 scrolls of acquirement
   932 | D:1      | Acquired the Tome of Combat Magic and the Rocks
   933 | D:1      | You add the spells Flame Wave, Statue Form, Chain Lightning
                  | and Shatter to your library.
   934 | D:1      | Acquired the amulet of Yrouzxem {RegenMP *Corrode +Blink
                  | Regen+ Int+3}
   983 | D:2      | Reached skill level 4 in Unarmed Combat
   983 | D:2      | HP: 4/18 [poisoned by an adder]
   988 | D:2      | Slain by a quokka

Vanquished Creatures
  An adder (D:2)
  3 ball pythons (D:1)
  A giant cockroach (D:1)
  3 goblins
  2 kobolds (D:1)
  A bat (D:2)
  2 rats (D:1)
13 creatures vanquished.

Table legend:
 A = Non-vault XP
 B = Vault XP
 C = Vault XP percentage of total XP
 D = Non-vault monster count
 E = Vault monster count
 F = Vault count percentage of total count
                 A         B        C        D         E       F
            +---------+---------+-------+---------+---------+-------
      Total |      32 |       0 |   0.0 |      13 |       0 |   0.0
            +---------+---------+-------+---------+---------+-------
        D:1 |      16 |       0 |   0.0 |      10 |       0 |   0.0
        D:2 |      16 |       0 |   0.0 |       3 |       0 |   0.0
            +---------+---------+-------+---------+---------+-------

Illustrated notes

Table legend:
 A = Kills in this place as a percentage of kills in entire the game.
 B = Kills by you in this place as a percentage of kills by you in the entire game.
 C = Kills by friends in this place as a percentage of kills by friends in the entire game.
 D = Other kills in this place as a percentage of other kills in the entire game.
 E = Experience gained in this place as a percentage of experience gained in the entire game.
 F = Experience gained in this place divided by the number of levels of this place that you have seen.
                   A       B       C       D       E      F
               +-------+-------+-------+-------+-------+----------------------
         Total | 100.0 | 100.0 |   N/A |   N/A | 100.0 |  16.0
       Dungeon | 100.0 | 100.0 |   N/A |   N/A | 100.0 |  16.0
               +-------+-------+-------+-------+-------+----------------------

Table legend: (Time is in decaauts)
 A = Elapsed time spent in this place.
 B = Non-inter-level travel time spent in this place.
 C = Inter-level travel time spent in this place.
 D = Time resting spent in this place.
 E = Time spent auto-exploring this place.
 F = Levels seen in this place.
 G = Mean time per level.
                   A        B        C        D        E       F      G
               +--------+--------+--------+--------+--------+-----+--------+
         Total |    985 |    953 |     32 |    136 |    734 |   2 |  492.5 |
       Dungeon |    985 |    953 |     32 |    136 |    734 |   2 |  492.5 |
               +--------+--------+--------+--------+--------+-----+--------+

Top non-repeatable levels by time:
     D:1: 971 daAuts
     D:2: 14 daAuts
